Workbook

Sheet Лист2
J1: Приложение № 1 к техническому заданию
B2: СОГЛАСОВАНО Начальник отдела образования администрации Пушкинского района Санкт-Петербурга _____________________ Н.П. Микушева «___» __________ 2023 г. | G2: УТВЕРЖДАЮ Заведующий ГБДОУ детский сад № 45 Пушкинского района СПб ______________________ Е.В. Акулич «___» __________ 2023 г.
A3: Расчет начальной (максимальной) цены контракта на поставку аппаратов для измерения артериального давления анероидных механических для нужд ГБДОУ детский сад № 45 Пушкинского района СПб.. Начальная (максимальная) цена контракта сформирована заказчиками методом сопоставимых рыночных цен (анализа рынка) на основании Методических рекомендаций по применению методов определения начальной (максимальной) цены контракта, утвержденных приказом Министерства экономического развития Российской Федерации от 02.10.2013 № 567 «Об утверждении методических рекомендаций по применению методов определения начальной (максимальной) цены контракта, цены контракта, заключаемого с единственным поставщиком (подрядчиком, исполнителем)» на основании данных Реестра товаров, размещенных Комитетом по государственному заказу Санкт-Петербурга на официальном сайте https://www.gz-spb.ru/gzproduct/searchс учётом расходов на перевозку до места назначения, страхование, уплату таможенных пошлин, налогов и других обязательных платежей, в том числе НДС.
A12: № П\П | B12: Код ККН/ОКПД2 | D12: Наименование | E12: Единица измерения | F12: Источник ценовой информации | G12: Цена, включая НДС, руб. | H12: Среднеквадратичное отклонение | I12: Коэффициент вариации | J12: колличество | K12: Средняя цена включая НДС, руб. | L12: Сумма с НДС,
A13: 1 | B13: =[1]Лист1!A10409 -> 26.60.12.129 | C13: =[1]Лист1!B10409 -> 004 | D13: Аппарат для измерения артериального давления анероидный механический | E13: шт | F13: =[1]Лист1!F10409 -> 2780512162821000062 от 07.06.2021 | G13: =[1]Лист1!G10409 -> 1471.5 | H13: =[1]Лист1!H10409 -> 127.3 | I13: =[1]Лист1!I10409 -> 9.46 | J13: 1 | K13: 1345.23 | L13: 1345.23
F14: =[1]Лист1!F10410 -> 2782007224522000026 от 18.04.2022 | G14: =[1]Лист1!G10410 -> 1388.29
F15: =[1]Лист1!F10411 -> 2782700193422000041 от 19.07.2022 | G15: =[1]Лист1!G10411 -> 1375.37
F16: =[1]Лист1!F10412 -> Экранная копия от 25.07.2023 № 04-5556/23-0-0 | G16: =[1]Лист1!G10412 -> 1360
F17: =[1]Лист1!F10413 -> Ответ на запрос от 07.08.2023 № 04-6287/23-0-0 | G17: =[1]Лист1!G10413 -> 1131
A18: 2 | B18: =[1]Лист1!A10414 -> 26.60.12.129 | C18: =[1]Лист1!B10414 -> 002 | D18: Аппарат для измерения артериального давления анероидный механический | E18: шт | F18: =[1]Лист1!F10414 -> 2780203826622000080 от 03.08.2022 | G18: =[1]Лист1!G10414 -> 1008.24 | H18: =[1]Лист1!H10414 -> 120.44 | I18: =[1]Лист1!I10414 -> 13.16 | J18: 1 | K18: 914.97 | L18: 914.97
F19: =[1]Лист1!F10415 -> 2780804622422000860 от 27.10.2022 | G19: =[1]Лист1!G10415 -> 957.67
F20: =[1]Лист1!F10416 -> Ответ на запрос от 07.08.2023 № 04-6287/23-0-0 | G20: =[1]Лист1!G10416 -> 779
A21: ИТОГО | L21: 2260.2
A22: Расчет произвел контрактный управляющий _____________ Т.Л. Веретка
